 Dungeon Crawl Stone Soup version 0.29-a0-620-g13ace881f2 (webtiles) character file.

Game seed: 17108182426324755038

681 dolemite99 the Basher (level 8, -8/63 HPs)
             Began as a Meteoran Cinder Acolyte on June 19, 2022.
             Was an Initiate of Ignis.
             Mangled by a gnoll
             ... wielding a +0 halberd
              (11 damage)
             ... on level 5 of the Dungeon.
             The game lasted 00:05:52 (2582 turns).

dolemite99 the Basher (Meteoran Cinder Acolyte)     Turns: 2582, Time: 00:05:52

Health: -8/63      AC:  6    Str: 17    XL:     8   Next: 15%
Magic:  4/11       EV:  9    Int: 16    God:    Ignis [......]
Gold:   963        SH:  0    Dex: 10    Spells: 7/9 levels left

rFire   + . .      SeeInvis .   m - +1 flail
rCold   . . .      Faith    .   (no shield)
rNeg    . . .      Spirit   .   h - +0 scale mail
rPois   .          Reflect  .   (no helmet)
rElec   .          Harm     .   (no cloak)
rCorr   .          Rampage  .   (no gloves)
Will    +....                   (no boots)
Stlth   ..........              (no amulet)
HPRegen 0.20/turn               n - ring of wizardry
MPRegen 0.12/turn               (no ring)

@: flying, glowing
A: sense surroundings 1, otherworldly, glowing, explore regen
a: Renounce Religion


You were on level 5 of the Dungeon.
You worshipped Ignis.
Ignis was noncommittal.
You visited 1 branch of the dungeon, and saw 5 of its levels.

You collected 1005 gold pieces.
You spent 42 gold pieces at shops.

Inventory:

Hand Weapons
 a - a -1 mace of flaming
 j - a +0 lajatang
 k - a +0 hand axe of draining
 m - a +1 flail (weapon)
Missiles
 l - 2 boomerangs (quivered)
 v - 2 poisoned darts
Armour
 b - a +0 robe
 e - a +0 ring mail
 h - a +0 scale mail (worn)
 s - a +0 pair of gloves
Jewellery
 n - a ring of wizardry (left hand)
 u - a ring of protection from fire
Scrolls
 c - 3 scrolls of identify {@r1}
 d - a scroll of enchant armour
Potions
 f - a potion of berserk rage {unknown}
 o - 2 potions of magic
 q - a potion of heal wounds {unknown}
 r - a potion of cancellation {unknown}


   Skills:
 - Level 3.2 Fighting
 + Level 8.3 Maces & Flails
 - Level 1.3 Spellcasting
 + Level 7.9 Fire Magic


You had 7 spell levels left.
You knew the following spells:

 Your Spells              Type           Power      Damage    Failure   Level
a - Scorch                Fire           52%        2d8       1%          2

Your spell library contained the following spells:

 Spells                   Type           Power      Damage    Failure   Level
 Ignite Poison            Fire/Tmut/Pois 9%         N/A       32%         3
 Mephitic Cloud           Conj/Pois/Air  1%         N/A       65%         3
 Ozocubu's Armour         Ice            1%         N/A       65%         3
 Freezing Cloud           Conj/Ice/Air   0%         6-21      100%        5
 Metabolic Englaciation   Hex/Ice        0%         N/A       100%        5
 Simulacrum               Ice/Necr       0%         N/A       100%        6


Dungeon Overview and Level Annotations

Branches:
Dungeon (5/15) Zot: 402
 Temple: D:4-7

Altars:

Shops:
D:4 *

Annotations:
D:5 Pikel


Innate Abilities, Weirdness & Mutations

You passively map a small area around you.
You are easily found by Zot.
You glow in the dark.
You regain HP and MP as you explore.


Message History

The gnoll hits you from afar with a +0 halberd!
The hound bites you.
* * * LOW HITPOINT WARNING * * *
Casting: Scorch (safe; 1% risk of failure)
Confirm with . or Enter, or press ? or * to list all spells.
Flames lash the gnoll.
The gnoll is moderately wounded.
The gnoll's fire resistance burns away.
The hound bites you but does no damage.
The gnoll hits you from afar with a +0 halberd.
* * * LOW HITPOINT WARNING * * *
The hound bites you but does no damage. The gnoll closely misses you.
The hound bites you but does no damage.
You hit the hound but do no damage.
The hound is almost dead.
The hound bites you but does no damage.
The gnoll hits you from afar with a +0 halberd.
* * * LOW HITPOINT WARNING * * *
Found a leather armour.
Found a stone staircase leading down.
The hound bites you.
* * * LOW HITPOINT WARNING * * *
The gnoll hits you from afar with a +0 halberd.
* * * LOW HITPOINT WARNING * * *
The hound closely misses you.
Items here: $ )) †.
It was a potion of flight.
You feel very buoyant.
You fly up into the air.
The gnoll is no longer more vulnerable to fire.
The hound bites you but does no damage. The gnoll closely misses you.
The hound barely misses you. The hound bites you.
* * * LOW HITPOINT WARNING * * *
Casting: Scorch (safe; 1% risk of failure)
Confirm with . or Enter, or press ? or * to list all spells.
Flames lash the hound.
You kill the hound!
The gnoll hits you from afar with a +0 halberd.
* * * LOW HITPOINT WARNING * * *
The gnoll hits you from afar with a +0 halberd!
You die...

* #.. * * , * , *##..###
, , ,, ...... ,# * ####
** #[...##.# * ,,..#
####..$..#.# , , * #.o
........... , ,
#.#######......#,
#......##....@# * ,
###.####.##....## , , ,
##†<..5...#####g# , ,
K......5......#$###..#.,
##...#o#..###.#<[[.....
...........# ,#####....
...g.#.#...# , , >#
.#.........# ** * *
.............5..Kg


You could see a gnoll.

Vanquished Creatures
  Grinder (D:4)
  An ice beast (D:4)
  2 lemures (D:5)
  A phantom (D:4)
  A howler monkey (D:5)
  A hound (D:5)
  2 orc priests (D:4)
  An iguana (D:4)
  A jelly (D:4)
  An orc wizard (D:4)
  2 gnolls
  5 adders
  A worm (D:2)
  A dart slug (D:1)
  12 orcs
  An endoplasm (D:3)
  2 giant cockroaches
  3 goblins
  2 hobgoblins (D:4)
  2 jackals (D:2)
  3 quokkas
  4 ball pythons
  A bat (D:2)
  A frilled lizard (D:2)
  3 kobolds
  4 rats
59 creatures vanquished.

Vanquished Creatures (others)
  63 foxfires
63 creatures vanquished.

Grand Total: 122 creatures vanquished

Notes
Turn   | Place    | Note
-------+----------+-------------------------------------------
     0 | D:1      | dolemite99 the Meteoran Cinder Acolyte began the quest for
                  | the Orb.
     0 | D:1      | Reached XP level 1. HP: 19/19 MP: 3/3
    67 | D:1      | Reached XP level 2. HP: 22/26 MP: 5/5
   451 | D:1      | You fall into a shaft and drop 1 floor!
   511 | D:2      | Reached skill level 5 in Maces & Flails
   662 | D:2      | Reached XP level 3. HP: 19/31 MP: 6/6
  1090 | D:2      | Glimpsed the power of Zot.
  1140 | D:2      | Glimpsed the power of Zot.
  1165 | D:3      | Reached XP level 4. HP: 38/38 MP: 7/7
  1203 | D:4      | Reached skill level 6 in Maces & Flails
  1311 | D:4      | Noticed a phantom
  1323 | D:4      | Killed a phantom
  1324 | D:4      | Reached skill level 7 in Maces & Flails
  1324 | D:4      | Reached XP level 5. HP: 19/45 MP: 8/8
  1366 | D:4      | Reached skill level 8 in Maces & Flails
  1366 | D:4      | Reached XP level 6. HP: 26/51 MP: 9/9
  1388 | D:4      | Learned a level 2 spell: Scorch
  1424 | D:4      | Found Vaishih's Assorted Antiques.
  1427 | D:4      | Bought a bubbling green potion for 21 gold pieces
  1427 | D:4      | Bought a glowing orange potion for 21 gold pieces
  1715 | D:4      | Noticed Grinder
  1732 | D:4      | Killed Grinder
  1733 | D:4      | Reached XP level 7. HP: 57/57 MP: 10/10
  2280 | D:5      | Entered Level 5 of the Dungeon
  2290 | D:5      | Noticed Pikel
  2326 | D:5      | Identified a scroll of acquirement
  2326 | D:5      | Acquired 911 gold pieces
  2497 | D:4      | Reached XP level 8. HP: 22/63 MP: 2/11
  2581 | D:5      | HP: 2/63 [gnoll/+0 halberd (5)]
  2582 | D:5      | Mangled by a gnoll

Illustrated notes

Levels and vault maps discovered:
D:1:      dpeg_arrival_prison, layout_loops_ring
D:2:      minmay_chambers_of_ones, layout_loops_ring
D:3:      minmay_inner_zag, layout_rooms, lemuel_tele_altar, corner_web_ring
D:4:      layout_gridville, serial_shops, nicolae_shop_behind_doors,
          uniq_grinder
D:5:      layout_loops_ring, nicolae_ossuary_entry_monument, uniq_pikel

Skill      XL: |  1  2  3  4  5  6  7 |
---------------+----------------------+-----
Maces & Flails | 5 7 8 |  8.3
Fire Magic     | 6 7 |  7.9
Fighting       | |  3.2
Spellcasting   | |  1.3

Action                   |  1- 3 |  4- 6 |  7- 9 || total
-------------------------+-------+-------+-------++-------
Melee: Mace              |    68 |    18 |       ||    86
       Punch             |       |     1 |     1 ||     2
       Flail             |       |     9 |    52 ||    61
Throw: Boomerang         |       |       |     8 ||     8
 Cast: Scorch            |       |     8 |    11 ||    19
Invok: Fiery Armour      |     1 |     1 |     3 ||     5
       Foxfire Swarm     |       |     4 |     1 ||     5
       Rising Flame      |       |       |     1 ||     1
  Use: Scroll            |       |     1 |     5 ||     6
       Potion            |       |       |     2 ||     2
Armor: Ring mail         |    15 |       |       ||    15
       Robe              |     4 |       |       ||     4
       Scale mail        |     2 |    15 |    55 ||    72
Dodge: Dodged            |    35 |    13 |    37 ||    85

Table legend: (Time is in decaauts)
 A = Elapsed time spent in this place.
 B = Non-inter-level travel time spent in this place.
 C = Inter-level travel time spent in this place.
 D = Time resting spent in this place.
 E = Time spent auto-exploring this place.
 F = Levels seen in this place.
 G = Mean time per level.
                   A        B        C        D        E       F      G
               +--------+--------+--------+--------+--------+-----+--------+
         Total |   2596 |   2428 |    168 |    894 |    784 |   5 |  519.2 |
       Dungeon |   2596 |   2428 |    168 |    894 |    784 |   5 |  519.2 |
               +--------+--------+--------+--------+--------+-----+--------+

Top non-repeatable levels by time:
     D:4: 1169 daAuts
     D:2: 712 daAuts
     D:1: 455 daAuts
     D:3: 177 daAuts
     D:5: 81 daAuts
